TOP OF THE 1ST |
Tri-City Dust Devils batting - Pitching for Brooklyn Cyclones : RHP John Stepanian
|
Pitching: RHP John Stepanian
|
|
Batting: RHB Ben Hoffman
|
0-0: Ball 1-0: Foul Ball, location: 2F 1-1: Ball 2-1: Ball 3-1: Foul Ball, location: 2F 3-2: Strikes out swinging
|
Batting: SHB Cesar Arteaga
|
0-0: Ball 1-0: Ball 2-0: Ground out 5-3 (Groundball, 56S, EV 70.6 MPH)
|
Batting: RHB Yuusei Narita
|
0-0: Ball 1-0: Ball 2-0: Ball 3-0: Called Strike 3-1: Ground out 6-3 (Groundball, 6, EV 105.6 MPH)
|
Top of the 1st over - 0 runs, 0 hits, 0 errors, 0 left on base; Tri-City 0 - Brooklyn 0 |
BOTTOM OF THE 1ST |
Brooklyn Cyclones batting - Pitching for Tri-City Dust Devils : RHP Javy Balderrama
|
Pitching: RHP Javy Balderrama
|
|
Batting: LHB Matt Baker
|
0-0: Called Strike 0-1: Bunt missed! 0-2: Ball 1-2: Foul Ball, location: 2F 1-2: Strikes out looking
|
Batting: RHB Prabhukumar Santhanakrishnan
|
0-0: Called Strike 0-1: Ball 1-1: Ground out U3 (Groundball, 3, EV 81.2 MPH)
|
Batting: RHB Mike Mathews
|
0-0: Ball 1-0: Foul Ball, location: 2F 1-1: SINGLE (Groundball, 6MD, EV 103.1 MPH)
|
Batting: RHB Matt Tittle
|
0-0: Called Strike Mike Mathews is caught stealing 2nd base 2-4
|
Bottom of the 1st over - 0 runs, 1 hit, 0 errors, 0 left on base; Tri-City 0 - Brooklyn 0 |
TOP OF THE 2ND |
Tri-City Dust Devils batting - Pitching for Brooklyn Cyclones : RHP John Stepanian
|
Batting: LHB Justin Rankin
|
0-0: Ball 1-0: Fly out, F8 (Flyball, 8RM, EV 89.4 MPH)
|
Batting: RHB Andy Solorzano
|
0-0: Ball 1-0: Ball 2-0: Called Strike 2-1: Called Strike 2-2: Fly out, F8 (Flyball, 8LD, EV 108.1 MPH)
|
Batting: RHB Ken Hahn
|
0-0: Ball 1-0: Foul Ball, location: 2F 1-1: Ball 2-1: Swinging Strike 2-2: Foul Ball, location: 2F 2-2: Strikes out swinging
|
Top of the 2nd over - 0 runs, 0 hits, 0 errors, 0 left on base; Tri-City 0 - Brooklyn 0 |
BOTTOM OF THE 2ND |
Brooklyn Cyclones batting - Pitching for Tri-City Dust Devils : RHP Javy Balderrama
|
Batting: RHB Matt Tittle
|
0-0: Ball 1-0: Ball 2-0: Foul Ball, location: 2F 2-1: Called Strike 2-2: Ball 3-2: Base on Balls
|
Batting: SHB Salvador Gomez
|
0-0: Foul Ball, location: 2F 0-1: Foul Ball, location: 2F 0-2: Ball 1-2: Ball 2-2: Grounds into double play, 4-6-3 (Groundball, 4, EV 101.2 MPH)
|
Batting: RHB Victor Reyes
|
0-0: Called Strike 0-1: Ball 1-1: SOLO HOME RUN (Line Drive, 7LD, EV 95.0 MPH), Distance : 362 ft
|
Batting: SHB Callum Lynch
|
0-0: Ball 1-0: Called Strike 1-1: Ball 2-1: Foul Ball, location: 2F 2-2: Hit by Pitch
|
Batting: RHB Chris Pynn
|
0-0: Ball 1-0: Foul Ball, location: 2F 1-1: Called Strike 1-2: Ball Wild Pitch! Callum Lynch to second 2-2: Foul Ball, location: 2F 2-2: Ground out 5-3 (Groundball, 56S, EV 90.0 MPH)
|
Bottom of the 2nd over - 1 run, 1 hit, 0 errors, 1 left on base; Tri-City 0 - Brooklyn 1 |
TOP OF THE 3RD |
Tri-City Dust Devils batting - Pitching for Brooklyn Cyclones : RHP John Stepanian
|
Batting: RHB Victor Contreras
|
0-0: Called Strike 0-1: Ground out U3 (Groundball, 34, EV 91.9 MPH)
|
Batting: RHB Hector Fernandez
|
0-0: Foul Ball, location: 2F 0-1: Foul Ball, location: 2F 0-2: Strikes out swinging
|
Batting: RHB Pleun Smit
|
0-0: Ball 1-0: Swinging Strike 1-1: Ball 2-1: Ball 3-1: Called Strike 3-2: Fly out, F3 (Popup, 3S, EV 76.2 MPH)
|
Top of the 3rd over - 0 runs, 0 hits, 0 errors, 0 left on base; Tri-City 0 - Brooklyn 1 |
BOTTOM OF THE 3RD |
Brooklyn Cyclones batting - Pitching for Tri-City Dust Devils : RHP Javy Balderrama
|
Batting: SHB Duri Chilemba
|
0-0: Called Strike 0-1: Swinging Strike 0-2: Strikes out swinging
|
Batting: LHB Matt Baker
|
0-0: Bunt missed! 0-1: Ball 1-1: Ball 2-1: Fly out, F8 (Flyball, 78M, EV 99.4 MPH)
|
Batting: RHB Prabhukumar Santhanakrishnan
|
0-0: Ball 1-0: Fly out, F8 (Flyball, 8LM, EV 79.4 MPH)
|
Bottom of the 3rd over - 0 runs, 0 hits, 0 errors, 0 left on base; Tri-City 0 - Brooklyn 1 |
TOP OF THE 4TH |
Tri-City Dust Devils batting - Pitching for Brooklyn Cyclones : RHP John Stepanian
|
Batting: RHB Ben Hoffman
|
0-0: Called Strike 0-1: Ball 1-1: Ball 2-1: Foul Ball, location: 2F 2-2: Ground out 6-3 (Groundball, 6, EV 83.8 MPH)
|
Batting: SHB Cesar Arteaga
|
0-0: Ball 1-0: Foul Ball, location: 2F 1-1: Swinging Strike 1-2: SINGLE (Groundball, 6M, EV 97.5 MPH) (infield hit)
|
Batting: RHB Yuusei Narita
|
0-0: Called Strike 0-1: Foul Ball, location: 2F 0-2: Ball 1-2: Ball 2-2: Fly out, F6 (Popup, 4M, EV 51.2 MPH)
|
Batting: LHB Justin Rankin
|
0-0: Swinging Strike 0-1: Ball 1-1: Fielders Choice at 2nd, 6-4 (Groundball, 6, EV 88.1 MPH)
|
Top of the 4th over - 0 runs, 1 hit, 0 errors, 1 left on base; Tri-City 0 - Brooklyn 1 |
BOTTOM OF THE 4TH |
Brooklyn Cyclones batting - Pitching for Tri-City Dust Devils : RHP Javy Balderrama
|
Batting: RHB Mike Mathews
|
0-0: Called Strike 0-1: Ball 1-1: Ball 2-1: Ball 3-1: Called Strike 3-2: Base on Balls
|
Batting: RHB Matt Tittle
|
0-0: Ball Wild Pitch! Mike Mathews to second 1-0: Ground out 6-3 (Groundball, 6, EV 79.4 MPH)
|
Batting: SHB Salvador Gomez
|
0-0: Ball 1-0: Called Strike 1-1: Ball 2-1: Ball 3-1: Swinging Strike 3-2: Strikes out swinging
|
Batting: RHB Victor Reyes
|
0-0: Called Strike 0-1: Foul Ball, location: 2F 0-2: Ball 1-2: Ball 2-2: Ground out 4-3 (Groundball, 4, EV 90.0 MPH)
|
Bottom of the 4th over - 0 runs, 0 hits, 0 errors, 1 left on base; Tri-City 0 - Brooklyn 1 |
TOP OF THE 5TH |
Tri-City Dust Devils batting - Pitching for Brooklyn Cyclones : RHP John Stepanian
|
Batting: RHB Andy Solorzano
|
0-0: Ball 1-0: Foul Ball, location: 2F 1-1: Called Strike 1-2: Foul Ball, location: 2F 1-2: Strikes out looking
|
Batting: RHB Ken Hahn
|
0-0: Foul Ball, location: 2F 0-1: Foul Ball, location: 2F 0-2: Strikes out swinging
|
Batting: RHB Victor Contreras
|
0-0: Foul Ball, location: 2F 0-1: Ball 1-1: Ground out 6-3 (Groundball, 56, EV 105.6 MPH)
|
Top of the 5th over - 0 runs, 0 hits, 0 errors, 0 left on base; Tri-City 0 - Brooklyn 1 |
BOTTOM OF THE 5TH |
Brooklyn Cyclones batting - Pitching for Tri-City Dust Devils : RHP Javy Balderrama
|
Batting: SHB Callum Lynch
|
0-0: Called Strike 0-1: Ball 1-1: Ball 2-1: Fly out, F4 (Popup, 34S, EV 73.1 MPH)
|
Batting: RHB Chris Pynn
|
0-0: Foul Ball, location: 2F 0-1: Ball 1-1: Ball 2-1: Swinging Strike 2-2: Strikes out swinging
|
Batting: SHB Duri Chilemba
|
0-0: Foul Ball, location: 2F 0-1: Ground out 6-3 (Groundball, 6, EV 78.1 MPH)
|
Bottom of the 5th over - 0 runs, 0 hits, 0 errors, 0 left on base; Tri-City 0 - Brooklyn 1 |
TOP OF THE 6TH |
Tri-City Dust Devils batting - Pitching for Brooklyn Cyclones : RHP John Stepanian
|
Batting: RHB Hector Fernandez
|
0-0: Ball 1-0: Called Strike 1-1: Ball 2-1: Swinging Strike 2-2: Strikes out swinging
|
Batting: RHB Pleun Smit
|
0-0: Ball 1-0: Called Strike 1-1: Foul Ball, location: 2F 1-2: Ball 2-2: Ball 3-2: Ground out 5-3 (Groundball, 5S, EV 85.6 MPH)
|
Batting: RHB Ben Hoffman
|
0-0: Foul Ball, location: 2F 0-1: Ball 1-1: Swinging Strike 1-2: Strikes out swinging
|
Top of the 6th over - 0 runs, 0 hits, 0 errors, 0 left on base; Tri-City 0 - Brooklyn 1 |
BOTTOM OF THE 6TH |
Brooklyn Cyclones batting - Pitching for Tri-City Dust Devils : RHP Javy Balderrama
|
Batting: LHB Matt Baker
|
0-0: Called Strike 0-1: Swinging Strike 0-2: Ball 1-2: Ground out 5-3 (Groundball, P, EV 88.1 MPH)
|
Batting: RHB Prabhukumar Santhanakrishnan
|
0-0: Called Strike 0-1: SOLO HOME RUN (Flyball, 7D, EV 103.8 MPH), Distance : 383 ft
|
Batting: RHB Mike Mathews
|
0-0: Called Strike 0-1: Ball 1-1: TRIPLE (Flyball, 78XD, EV 91.9 MPH)
|
Batting: RHB Matt Tittle
|
0-0: Ground out 1-3 (Groundball, 23, EV 68.1 MPH)
|
Batting: SHB Salvador Gomez
|
0-0: Ball 1-0: Ball 2-0: Swinging Strike 2-1: Ball 3-1: Ground out U3 (Groundball, 3, EV 90.6 MPH)
|
Bottom of the 6th over - 1 run, 2 hits, 0 errors, 1 left on base; Tri-City 0 - Brooklyn 2 |
TOP OF THE 7TH |
Tri-City Dust Devils batting - Pitching for Brooklyn Cyclones : RHP John Stepanian
|
Batting: SHB Cesar Arteaga
|
0-0: SINGLE (Line Drive, 3D, EV 103.8 MPH)
|
Batting: RHB Yuusei Narita
|
0-0: Called Strike 0-1: Fielders Choice at 2nd, 6-4 (Groundball, 6, EV 102.5 MPH)
|
Batting: LHB Justin Rankin
|
0-0: Ball 1-0: Ball 2-0: SINGLE (Groundball, 4MD, EV 100.0 MPH) Yuusei Narita to second Runner from 2nd tries for 3rd, SAFE, throw by CF made to third
|
Batting: RHB Andy Solorzano
|
0-0: Called Strike 0-1: Ball 1-1: Ball 2-1: Called Strike 2-2: Strikes out swinging
|
Batting: RHB Ken Hahn
|
0-0: Ball 1-0: Fly out, F7 (Flyball, 7LMF, EV 99.4 MPH)
|
Top of the 7th over - 0 runs, 2 hits, 0 errors, 2 left on base; Tri-City 0 - Brooklyn 2 |
BOTTOM OF THE 7TH |
Brooklyn Cyclones batting - Pitching for Tri-City Dust Devils : RHP Javy Balderrama
|
Pitching: LHP Paul Fuller
|
|
Batting: RHB Victor Reyes
|
0-0: Ball 1-0: Swinging Strike 1-1: SINGLE (Flyball, 8LS, EV 97.5 MPH)
|
Batting: SHB Callum Lynch
|
0-0: Sac Bunt to 15 - play at first, batter OUT! 1-3 Victor Reyes to second
|
Batting: RHB Chris Pynn
|
0-0: Intentional Walk
|
Batting: SHB Duri Chilemba
|
0-0: Foul Ball, location: 2F Balk! Victor Reyes to third Chris Pynn to second 0-1: Foul Ball, location: 2F 0-2: Ball 1-2: Strikes out swinging
|
Batting: LHB Matt Baker
|
0-0: Swinging Strike 0-1: Ground out 3-1 (Groundball, 34, EV 103.8 MPH)
|
Bottom of the 7th over - 0 runs, 1 hit, 0 errors, 2 left on base; Tri-City 0 - Brooklyn 2 |
TOP OF THE 8TH |
Tri-City Dust Devils batting - Pitching for Brooklyn Cyclones : RHP John Stepanian
|
Batting: RHB Victor Contreras
|
0-0: Foul Ball, location: 2F 0-1: Ball 1-1: Swinging Strike 1-2: Foul Ball, location: 2F 1-2: SINGLE (Groundball, 56S, EV 71.2 MPH) (infield hit)
|
Batting: RHB Hector Fernandez
|
0-0: Called Strike 0-1: Foul Ball, location: 2F 0-2: Foul Ball, location: 2F 0-2: Foul Ball, location: 2F 0-2: Ball 1-2: Fly out, F9 (Flyball, 9, EV 80.6 MPH)
|
Pitching: RHP Jason Horvath
|
|
Batting: RHB Pleun Smit
|
0-0: Ball 1-0: Ball 2-0: Ball 3-0: Called Strike 3-1: Base on Balls Victor Contreras to second
|
Pinch Hitting: SHB Jared Boyce
|
0-0: Called Strike 0-1: Ball 1-1: Swinging Strike 1-2: Ball 2-2: 3-RUN HOME RUN (Flyball, 89XD, EV 105.6 MPH), Distance : 409 ft
|
Batting: SHB Cesar Arteaga
|
0-0: Ball 1-0: Ball 2-0: Ball 3-0: Called Strike 3-1: SINGLE (Groundball, 56, EV 104.4 MPH)
|
Batting: RHB Yuusei Narita
|
0-0: Called Strike 0-1: Ball 1-1: Ball 2-1: Foul Ball, location: 2F 2-2: Foul Ball, location: 2F 2-2: Foul Ball, location: 2F 2-2: Ball 3-2: Foul Ball, location: 2F 3-2: Ground out 4-3 (Groundball, 34, EV 105.0 MPH) Cesar Arteaga to second
|
Batting: LHB Justin Rankin
|
0-0: Intentional Walk
|
Batting: RHB Andy Solorzano
|
0-0: Swinging Strike 0-1: Ball 1-1: Ball 2-1: Ball 3-1: Foul Ball, location: 2F 3-2: Strikes out looking
|
Top of the 8th over - 3 runs, 3 hits, 0 errors, 2 left on base; Tri-City 3 - Brooklyn 2 |
BOTTOM OF THE 8TH |
Brooklyn Cyclones batting - Pitching for Tri-City Dust Devils : LHP Paul Fuller
|
Pitching: RHP Chris Haselhorst
|
|
Now in CF: Paul Collins
|
|
Batting: RHB Prabhukumar Santhanakrishnan
|
0-0: Swinging Strike 0-1: Ball 1-1: Foul Ball, location: 2F 1-2: SINGLE (Groundball, 56, EV 104.4 MPH) (infield hit)
|
Batting: RHB Mike Mathews
|
0-0: Ball 1-0: Foul Ball, location: 2F 1-1: Swinging Strike 1-2: Strikes out swinging
|
Batting: RHB Matt Tittle
|
0-0: Ball 1-0: DOUBLE (Flyball, 78XD, EV 108.8 MPH) Prabhukumar Santhanakrishnan to third Runner from 3rd tries for Home, SAFE, throw by LF to trailing runner, SAFE at third!
|
Batting: SHB Salvador Gomez
|
0-0: Ball 1-0: Ball 2-0: Called Strike 2-1: Swinging Strike 2-2: Strikes out swinging
|
Batting: RHB Victor Reyes
|
0-0: Foul Ball, location: 2F 0-1: Ball 1-1: Foul Ball, location: 2F 1-2: Strikes out swinging
|
Bottom of the 8th over - 1 run, 2 hits, 0 errors, 1 left on base; Tri-City 3 - Brooklyn 3 |
TOP OF THE 9TH |
Tri-City Dust Devils batting - Pitching for Brooklyn Cyclones : RHP Jason Horvath
|
Batting: RHB Ken Hahn
|
0-0: Called Strike 0-1: Ball 1-1: SINGLE (Flyball, 8LS, EV 90.6 MPH)
|
Batting: RHB Victor Contreras
|
0-0: Bunt - Flyout to 2L! F2
|
Pitching: LHP Joe Edwards
|
|
Batting: RHB Hector Fernandez
|
0-0: Ball 1-0: Bunted foul 1-1: Bunt missed! 1-2: Foul Ball, location: 2F 1-2: Ball 2-2: Ball 3-2: Base on Balls Ken Hahn to second
|
Batting: RHB Pleun Smit
|
0-0: Foul Ball, location: 2F 0-1: Foul Ball, location: 2F 0-2: Strikes out looking
|
Batting: LHB Paul Collins
|
0-0: Called Strike 0-1: Foul Ball, location: 2F 0-2: Ball 1-2: Foul Ball, location: 2F 1-2: Strikes out swinging
|
Top of the 9th over - 0 runs, 1 hit, 0 errors, 2 left on base; Tri-City 3 - Brooklyn 3 |
BOTTOM OF THE 9TH |
Brooklyn Cyclones batting - Pitching for Tri-City Dust Devils : RHP Chris Haselhorst
|
Batting: SHB Callum Lynch
|
0-0: Ball 1-0: Ball 2-0: Foul Ball, location: 2F 2-1: Ball 3-1: Fly out, F7 (Flyball, 7S, EV 89.4 MPH)
|
Batting: RHB Chris Pynn
|
0-0: Foul Ball, location: 2F 0-1: Ball 1-1: Foul Ball, location: 2F 1-2: Strikes out swinging
|
Pinch Hitting: RHB Bill Crogan
|
0-0: Ball 1-0: Ball 2-0: Ball 3-0: Base on Balls
|
Batting: LHB Matt Baker
|
0-0: Ground out U3 (Groundball, 3, EV 93.8 MPH)
|
Bottom of the 9th over - 0 runs, 0 hits, 0 errors, 1 left on base; Tri-City 3 - Brooklyn 3 |
TOP OF THE 10TH |
Tri-City Dust Devils batting - Pitching for Brooklyn Cyclones : LHP Joe Edwards
|
Now at 3B: Callum Lynch
|
|
Now in LF: Matt Baker
|
|
Now in RF: Bill Crogan
|
|
Batting: SHB Cesar Arteaga
|
0-0: Swinging Strike 0-1: Ball 1-1: Swinging Strike 1-2: Ball 2-2: Strikes out swinging
|
Batting: RHB Yuusei Narita
|
0-0: Ball 1-0: Ball 2-0: Ball 3-0: Base on Balls
|
Pinch Hitting: RHB Drew Duncan
|
0-0: Ball 1-0: Foul Ball, location: 2F 1-1: Fly out, F8 (Flyball, 8RM, EV 84.4 MPH)
|
Batting: RHB Andy Solorzano
|
0-0: Ball Yuusei Narita steals 2nd base 1-0: Ball 2-0: SINGLE (Groundball, 6S, EV 99.4 MPH) Yuusei Narita to third Runner from 3rd tries for Home, SAFE, throw by CF to home
|
Batting: RHB Ken Hahn
|
0-0: Foul Ball, location: 2F 0-1: Called Strike 0-2: Strikes out swinging
|
Top of the 10th over - 1 run, 1 hit, 0 errors, 1 left on base; Tri-City 4 - Brooklyn 3 |
BOTTOM OF THE 10TH |
Brooklyn Cyclones batting - Pitching for Tri-City Dust Devils : RHP Chris Haselhorst
|
Pitching: RHP Jarrod Kenny
|
|
Now in RF: Deshawn Boseman
|
|
Batting: RHB Prabhukumar Santhanakrishnan
|
0-0: Ball 1-0: Ball 2-0: Ball 3-0: Base on Balls
|
Batting: RHB Mike Mathews
|
0-0: Fly out, F9 (Flyball, 9LM, EV 104.4 MPH) Runner from 1st tags up, SAFE at 2nd
|
Batting: RHB Matt Tittle
|
0-0: Ball 1-0: Ball Wild Pitch! Prabhukumar Santhanakrishnan to third 2-0: Called Strike 2-1: Ball 3-1: Called Strike 3-2: Ground out 4-3 (Groundball, 4, EV 87.5 MPH)
|
Batting: SHB Salvador Gomez
|
0-0: Called Strike 0-1: Ball 1-1: Foul Ball, location: 2F 1-2: Strikes out swinging
|
Bottom of the 10th over - 0 runs, 0 hits, 0 errors, 1 left on base; Tri-City 4 - Brooklyn 3 |
|